 Dungeon Crawl Stone Soup version 0.27.1 (webtiles) character file.

Game seed: 6552825686668642776

8123 pkoi the Carver (level 11, -1/99 HPs)
             Began as a Minotaur Monk on Aug 22, 2021.
             Was an Elder of Qazlal.
             Slain by a tengu warrior (2 damage)
             ... led by a tengu warrior
             ... on level 8 of the Dungeon.
             The game lasted 00:10:52 (9412 turns).

pkoi the Carver (Minotaur Monk)                     Turns: 9412, Time: 00:10:53

Health: -1/99      AC: 15    Str: 19    XL:     11   Next: 5%
Magic:  0/16       EV: 15    Int:  7    God:    Qazlal [****..]
Gold:   325        SH:  5    Dex: 13    Spells: 10/10 levels left

rFire    . . .     SeeInvis .   a - +3 scimitar (flame)
rCold    . . .     Faith    .   (no shield)
rNeg     . . .     Spirit   +   b - +0 chain mail
rPois    .         Reflect  .   (helmet restricted)
rElec    .         Harm     .   I - +0 cloak
rCorr    .         Rampage  .   (no gloves)
Will     .....                  j - +1 pair of boots
Stlth    ..........             g - amulet of guardian spirit
HPRegen  0.26/turn              w - +4 ring of evasion
MPRegen  0.15/turn              (no ring)

@: studying Dodging, repel missiles
A: horns 2, retaliatory headbutt
a: Renounce Religion, Upheaval, Elemental Force


You were on level 8 of the Dungeon.
You worshipped Qazlal.
Qazlal was greatly pleased with you.
You visited 2 branches of the dungeon, and saw 10 of its levels.
You also visited: Ossuary.

You collected 403 gold pieces.
You spent 78 gold pieces at shops.

Inventory:

Hand Weapons
 a - a +3 scimitar of flaming (weapon)
 i - a +0 falchion
 K - a +0 long sword of freezing
Missiles
 h - 5 javelins (quivered)
 y - 6 curare-tipped darts
Armour
 b - a +0 chain mail (worn)
 j - a +1 pair of boots (worn)
 I - a +0 cloak (worn)
Jewellery
 g - an amulet of guardian spirit (around neck)
 u - a ring of fire
 w - a +4 ring of evasion (left hand)
 E - a ring of see invisible
Wands
 o - a wand of polymorph (11)
 r - a wand of iceblast (27)
 C - a wand of paralysis (6)
 J - a wand of flame (8)
Scrolls
 d - a scroll of identify
 k - 3 scrolls of teleportation
 l - 3 scrolls of fog
 n - 2 scrolls of fear
 t - 2 scrolls of amnesia
 A - 2 scrolls of brand weapon
 H - a scroll of enchant armour
Potions
 c - 4 potions of ambrosia
 e - 6 potions of curing
 f - 4 potions of heal wounds
 m - 5 potions of mutation
 p - 2 potions of berserk rage {unknown}
 q - 2 potions of flight
 s - 3 potions of might
 v - a potion of resistance
 x - 2 potions of haste {unknown}
 z - 2 potions of lignification {unknown}
 B - a potion of brilliance
 D - a potion of invisibility
 G - a potion of magic


   Skills:
 + Level 9.9 Fighting
 + Level 11.0 Long Blades
 + Level 9.1 Armour
 + Level 9.0 Dodging
 - Level 1.5 Stealth
 + Level 8.4 Invocations


You had 10 spell levels left.
You didn't know any spells.
Your spell library contained the following spells:

 Spells                   Type           Power      Damage    Failure   Level
 Ensorcelled Hibernation  Hex/Ice        0%         N/A       99%         2
 Dazzling Flash           Conj/Hex       0%         N/A       100%        3
 Spider Form              Tmut/Pois      0%         N/A       100%        3
 Fulminant Prism          Conj/Hex       0%         3d6       100%        4
 Iskenderun's Mystic Bla  Conj/Tloc      0%         2d3       100%        4
 Lee's Rapid Deconstruct  Erth           0%         3d5*      100%        5
 Shadow Creatures         Summ           N/A        N/A       100%        6
 Starburst                Conj/Fire      0%         6d3       100%        6


Dungeon Overview and Level Annotations

Branches:
Dungeon (9/15)             Temple (1/1) D:4         Ossuary (visited)
   Lair: D:8-11         Orc: D:9-12

Altars:
Ashenzari
Dithmenos
Elyvilon
Fedhas
Gozag
Hepliaklqana
Kikubaaqudgha
Makhleb
Nemelex Xobeh
Okawaru
Qazlal
Ru
Sif Muna
Trog
Uskayaw
Vehumet
Wu Jian
Xom
Yredelemnul
Zin
The Shining One

Shops:
D:2 (   D:5 ?


Innate Abilities, Weirdness & Mutations

You have a pair of horns on your head.
You reflexively headbutt those who attack you in melee.


Message History

The tengu warrior claws you but does no damage.
You hit the tengu warrior but do no damage.
You headbutt the tengu warrior.
The tengu warrior is lightly wounded.
The tengu warrior hits you with a +0 battleaxe.
The tengu warrior pecks you but does no damage.
The tengu warrior barely misses you.
Unknown command.
The tengu warrior is engulfed in freezing vapours.
The tengu warrior hits you with a +0 battleaxe!
The tengu warrior closely misses you.
The tengu warrior claws you but does no damage.
The tengu warrior hits you with a +0 battleaxe!
* * * LOW HITPOINT WARNING * * *
The tengu warrior pecks you but does no damage.
The tengu warrior closely misses you.
There is a stone staircase leading up here.
The tengu warrior hits you but does no damage.
The tengu warrior pecks you but does no damage.
The tengu warrior claws you but does no damage.
You climb upwards.
There is a stone staircase leading down here.
The tengu warrior hits you with a +0 battleaxe!
* * * LOW HITPOINT WARNING * * *
The tengu warrior pecks you but does no damage.
The tengu warrior claws you.
* * * LOW HITPOINT WARNING * * *
The tengu warrior hits you with a +0 battleaxe!
* * * LOW HITPOINT WARNING * * *
You block the tengu warrior's attack. The tengu warrior barely misses you.
You see here a +0 scale mail.
The tengu warrior hits you with a +0 battleaxe!
* * * LOW HITPOINT WARNING * * *
The tengu warrior pecks you but does no damage.
The tengu warrior claws you but does no damage.
The tengu warrior hits you with a +0 battleaxe!
* * * LOW HITPOINT WARNING * * *
The tengu warrior pecks you but does no damage.
The tengu warrior claws you.
You die...

.<.#.#.....#.########
.....'.............>#
####.#....[#.######.#
.....#..<..#+### #.#
####.#.........# #.#
#.###.(.....####.# #.#
#.......#....#
##.####......+.○..#
#...>.#...°..#@...#
###..##.#.##..☼Q..#'##
........#.##.§○○.....#
........+..#.........#
........#..#..[......#
#####..##..#.........#
..####.##..#.........#
..'.....#..#.........#
..####..#..#.........#


You could see a tengu warrior.

Vanquished Creatures
  Erica (D:8)
  2 two-headed ogres
  A centaur warrior (D:9)
  A tengu warrior (D:9)
  Pikel (D:4)
  A deep elf pyromancer (D:6)
  Maurice (D:8)
  6 yaks (D:9)
  A steam dragon (D:8)
  2 orc warriors
  A black bear (D:6)
  2 necrophages
  2 ogres
  4 centaurs
  2 phantoms
  A lemure (D:4)
  A gnoll sergeant (D:7)
  3 bullfrogs
  4 scorpions
  A wyvern skeleton (D:7)
  3 wights (D:8)
  A howler monkey (D:4)
  A human zombie (Ossuary)
  2 hounds
  3 centaur zombies
  2 orc priests
  2 jellies
  A bullfrog skeleton (D:5)
  A centaur skeleton (D:5)
  An iguana (D:4)
  5 orc wizards
  A killer bee zombie (D:6)
  5 mummies (Ossuary)
  Robin (D:3)
  4 gnolls (D:7)
  8 adders
  A shadow imp (D:7)
  An ufetubus (D:6)
  2 worms
  3 dart slugs
  28 orcs
  9 ball pythons
  5 bats
  4 endoplasms
  3 giant cockroaches
  6 hobgoblins
  5 jackals
  6 kobolds
  6 quokkas
  6 frilled lizards
  3 gnoll zombies (Ossuary)
  30 goblins
  A hobgoblin zombie (Ossuary)
  An orc zombie (Ossuary)
  5 rats
204 creatures vanquished.

Vanquished Creatures (collateral kills)
  A jackal (D:4)
1 creature vanquished.

Grand Total: 205 creatures vanquished

Notes
Turn   | Place    | Note
-------+----------+-------------------------------------------
     0 | D:1      | pkoi the Minotaur Monk began the quest for the Orb.
     0 | D:1      | Reached XP level 1. HP: 19/19 MP: 0/0
   214 | D:1      | Reached skill level 4 in Long Blades
   460 | D:1      | Reached XP level 2. HP: 26/26 MP: 1/1
   652 | D:1      | Found a faded altar of an unknown god.
   670 | D:1      | Became a worshipper of Qazlal Stormbringer
   670 | D:1      | Reached * piety under Qazlal
   670 | D:1      | Reached ** piety under Qazlal
  1333 | D:2      | Reached skill level 1 in Invocations
  1333 | D:2      | Reached XP level 3. HP: 26/31 MP: 2/2
  1423 | D:2      | Reached *** piety under Qazlal
  1442 | D:2      | Found Kosch's Weapon Emporium.
  1622 | D:2      | Reached skill level 5 in Long Blades
  2031 | D:3      | Reached XP level 4. HP: 33/39 MP: 4/4
  2165 | D:3      | Found a basalt altar of Yredelemnul.
  2609 | D:3      | Noticed Robin
  2627 | D:3      | Killed Robin
  2915 | D:3      | Found an opulent altar of Gozag.
  3174 | D:3      | Reached XP level 5. HP: 45/45 MP: 6/6
  3264 | D:4      | Reached skill level 6 in Long Blades
  3567 | D:4      | Reached **** piety under Qazlal
  3568 | D:4      | Reached skill level 1 in Armour
  3568 | D:4      | Reached XP level 6. HP: 50/52 MP: 7/7
  3707 | D:4      | Noticed Pikel
  3730 | D:4      | Killed Pikel
  3731 | D:4      | Reached skill level 5 in Fighting
  3731 | D:4      | Reached skill level 7 in Long Blades
  3731 | D:4      | Reached XP level 7. HP: 38/61 MP: 0/9
  4117 | D:4      | Reached XP level 8. HP: 45/70 MP: 7/10
  4490 | D:4      | Found a staircase to the Ecumenical Temple.
  4507 | Temple   | Entered the Ecumenical Temple
  4563 | D:5      | Entered Level 5 of the Dungeon
  4577 | D:5      | Reached skill level 5 in Invocations
  4591 | D:5      | Reached skill level 8 in Long Blades
  4732 | D:5      | Found a broken altar of Ashenzari.
  4853 | D:5      | Found Meoruuk's Magic Scroll Shop.
  4863 | D:5      | Bought a scroll of identify for 26 gold pieces
  4863 | D:5      | Bought a scroll of identify for 26 gold pieces
  4863 | D:5      | Bought a scroll of identify for 26 gold pieces
  4914 | D:5      | Reached skill level 5 in Armour
  5307 | D:5      | Noticed a two-headed ogre
  5313 | D:5      | Killed a two-headed ogre
  5314 | D:5      | Reached skill level 9 in Long Blades
  5314 | D:5      | Reached XP level 9. HP: 38/79 MP: 1/12
  5546 | D:5      | Identified a scroll of acquirement
  5546 | D:5      | Acquired a manual of Dodging
  6071 | D:6      | Noticed a deep elf pyromancer
  6087 | D:6      | Killed a deep elf pyromancer
  6489 | D:6      | Reached skill level 5 in Dodging
  7615 | D:8      | Found a sand-covered staircase.
  7630 | Ossuary  | Entered an ossuary
  7877 | D:8      | Noticed Maurice
  7889 | D:8      | Killed Maurice
  7890 | D:8      | Reached skill level 10 in Long Blades
  7890 | D:8      | Reached XP level 10. HP: 76/90 MP: 11/14
  8010 | D:8      | Noticed Erica
  8017 | D:8      | Killed Erica
  8410 | D:8      | Noticed a two-headed ogre
  8426 | D:8      | Killed a two-headed ogre
  9145 | D:9      | Noticed a centaur warrior
  9160 | D:9      | Killed a centaur warrior
  9358 | D:9      | Noticed a tengu warrior
  9360 | D:9      | Noticed a tengu warrior
  9367 | D:9      | Killed a tengu warrior
  9368 | D:9      | Reached skill level 11 in Long Blades
  9368 | D:9      | Reached XP level 11. HP: 63/99 MP: 2/16
  9412 | D:8      | HP: 1/99 [tengu warrior[a tengu warrior] (9)]
  9412 | D:8      | Slain by a tengu warrior

Illustrated notes

Levels and vault maps discovered:
D:1:      saegor_arrival_miasma, layout_basic,
          ebering_ecumenical_altar_abandoned
D:2:      layout_loops_cross, serial_shops, shop_statue,
          minmay_goblin_kobold_house
D:3:      kennysheep_goblin_castle, layout_loops_ring,
          mainiacjoe_overflow_concentric_impassable, marbit_many_paths
D:4:      layout_gridville, minmay_temple_entry_crystal_x, uniq_pikel
D:5:      layout_gridville, amcnicky_altar_gilded, serial_shops, shop,
          corner_web_ring
D:6:      layout_basic, serial_corexii_hall, chequers_hall_statues_wall_a,
          chequers_hall_statues_corner_a, guppyfry_early_elven_hall
D:7:      layout_basic
D:8:      layout_basic, enter_ossuary_3, sigmund_army, uniq_maurice, uniq_erica
D:9:      layout_cave_pools, mainiacjoe_overflow_small_starburst,
          kennysheep_diamond
Temple:   nicolae_temple_no_exploring_needed

Skill      XL: |  1  2  3  4  5  6  7  8  9 10 |
---------------+-------------------------------+-----
Long Blades    | 4 5 6 7 9 10 11 | 11.0
Invocations    | 1 2 3 4 6 7 8 |  8.4
Armour         | 1 3 4 6 7 9 |  9.1
Fighting       | 5 7 8 9 |  9.9
Dodging        | 6 9 |  9.0
Stealth        | |  1.5

Action                   |  1- 3 |  4- 6 |  7- 9 | 10-12 || total
-------------------------+-------+-------+-------+-------++-------
Melee: Falchion          |    47 |       |       |       ||    47
       Headbutt          |     9 |    21 |    51 |    20 ||   101
       Long sword        |    25 |   116 |   230 |     6 ||   377
       Scimitar          |       |       |       |    80 ||    80
Invok: Upheaval          |       |     2 |     4 |     3 ||     9
  Use: Scroll            |     2 |       |    19 |     4 ||    25
 Stab: Sleeping          |     1 |       |       |       ||     1
Armor: Robe              |    12 |    16 |       |       ||    28
       Chain mail        |       |    14 |   114 |    53 ||   181
Dodge: Dodged            |    41 |    71 |   119 |    61 ||   292
       Repelled          |       |     1 |       |       ||     1
Block: Other             |     9 |    27 |    58 |    22 ||   116
       Rpst.: Falchion   |     4 |       |       |       ||     4
       Long sword        |     6 |    18 |    22 |       ||    46
       Scimitar          |       |       |       |     5 ||     5
